 Dungeon Crawl Stone Soup version 0.31.0 (webtiles) character file.

Game seed: 17240091619072734393

159 qw the Shooter (level 5, -1/32 HPs)
             Began as a Gargoyle Hunter on Jan 19, 2024.
             Killed by divine providence
             ... invoked by an orc priest
              (11 damage)
             ... on level 3 of the Dungeon.
             The game lasted 00:00:08 (2031 turns).

qw the Shooter (Gargoyle Hunter)                    Turns: 2031, Time: 00:00:09

Health: -1/32      AC: 10    Str: 14    XL:     5   Next: 40%
Magic:  5/5        EV: 11    Int: 10    God:
Gold:   144        SH:  0    Dex: 15    Spells: 4/4 levels left

rFire   . . .        a - +0 shortbow
rCold   . . .        (shield currently unavailable)
rNeg    + . .        h - +0 ring mail
rPois   inf          (no helmet)
rElec   +            (no cloak)
rCorr   .            (no gloves)
SInv    .            g - +0 pair of boots
Will    .....        (no amulet)
Stlth   +            (no ring)
HPRegen 0.25/turn    (no ring)
MPRegen 0.09/turn

%: no passive effects
@: no status effects
A: sickness immunity, AC +4, negative energy resistance 1, electricity
resistance, torment resistance 1, petrification resistance
a: no special abilities


You were on level 3 of the Dungeon.
You visited 1 branch of the dungeon, and saw 3 of its levels.

You collected 144 gold pieces.


Innate Abilities, Weirdness & Mutations

You are immune to sickness and miasma.
Your stone body is resilient. (AC +4)
You are immune to poison.
You resist negative energy. (rN+)
You are resistant to electric shocks. (rElec)
You are resistant to unholy torment.
You are immune to petrification.


   Skills:
 - Level 3.2 Fighting
 + Level 5.9 Ranged Weapons
 - Level 1.3 Armour
 - Level 1.5 Dodging
 - Level 1.1 Stealth


You had 4 spell levels left.
You didn't know any spells.
Your spell library was empty.

Inventory:

Hand Weapons
 a - a +0 shortbow (weapon)
Armour
 g - a +0 pair of boots (worn)
 h - a +0 ring mail (worn)
Scrolls
 c - 2 scrolls of identify
Potions
 b - a potion of mutation {unknown}
 d - a potion of enlightenment
 e - a potion of curing {unknown}
 f - a potion of resistance {unknown}
 i - a potion of brilliance {unknown}

Dungeon Overview and Level Annotations

Branches:
Dungeon (3/15)

Altars:

Shops:
D:1 =


Message History

You see here the felid corpse of Natasha.
Found a stone staircase leading down.
There is a stone staircase leading down here.
You see here a staff of fire.
You see here the felid corpse of Natasha.
Things that are here:
a +0 dagger; 2 stones; a kobold corpse You see here a hobgoblin corpse.
You see here 7 stones.
Found a dagger.
An orc and an orc priest come into view.
The orc priest shouts!
An orc comes into view. It is wielding a +1 whip of pain.
You shoot an arrow. The arrow barely misses the orc.
The orc shouts!
An orc comes into view. It is wielding a +0 whip.
You shoot an arrow. The arrow barely misses the orc.
The orc shouts!
You hear a shout!
The orc closely misses you.
An orc priest comes into view. It is wielding a +0 dagger.
You shoot an arrow. The arrow closely misses the orc.
The orc priest shouts!
An orc comes into view. It is wielding a +0 short sword.
The orc hits you but does no damage.
You shoot an arrow. The arrow hits the orc.
The orc is lightly wounded.
The orc hits you with a +0 falchion.
You shoot an arrow. The arrow barely misses the orc.
The orc priest barely misses you. The orc hits you but does no damage.
The orc priest calls down the wrath of Beogh upon you.
Beogh smites you!
Ouch! That really hurt!
You shoot an arrow.
The arrow hits the orc but does no damage.
The orc is lightly wounded.
The orc hits you but does no damage.
The orc priest calls down the wrath of Beogh upon you.
Beogh smites you!
You die...

####....<##.#.###
#....#..###.#....
#................
#.#.#####........
#(...######...... #####
####.........#### ......
####........## ......###
#..#?.......
.)..o.o@#####.##......##
.....o#o..##..##........
..o.. ###..#.###......##
...o ##...###......#
.....#####............##
.. .........####.#......
# .........####.######.
.######.(..)..### #.
#...<.....# ##.


You could see 2 orc priests and 4 orcs.

Vanquished Creatures
  Natasha (twice) (D:3)
  5 adders
  2 dart slugs (D:2)
  An orc (D:3)
  2 bats (D:1)
  5 endoplasms
  2 giant cockroaches (D:1)
  7 goblins
  3 hobgoblins
  3 jackals (D:3)
  2 quokkas (D:2)
  9 ball pythons
  5 frilled lizards
  7 kobolds
  2 rats
57 creatures vanquished.

Notes
Turn   | Place    | Note
-------+----------+-------------------------------------------
     0 | D:1      | qw the Gargoyle Hunter began the quest for the Orb.
     0 | D:1      | Reached XP level 1. HP: 12/12 MP: 1/1
     0 | D:1      | 0 ||| qw: Version: 0.3-a-132-g3d54051
     0 | D:1      | 0 ||| qw: Game counter: 127
     0 | D:1      | 0 ||| qw: Melee chars always use a shield: true
     0 | D:1      | 0 ||| qw: God list: Okawaru
     0 | D:1      | 0 ||| qw: Allow faded altars: false
     0 | D:1      | 0 ||| qw: Do Orc after clearing Dungeon:15 true
     0 | D:1      | 0 ||| qw: Do second Lair branch before Depths: true
     0 | D:1      | 0 ||| qw: Lair rune preference: random
     0 | D:1      | 0 ||| qw: Goals: Normal
     0 | D:1      | 0 ||| PLANNING D:1-11
    19 | D:1      | Found Tisad's One-of-a-Kind Rings.
    30 | D:1      | 30 ||| SHOPLISTING +1 ring of protection (30 gold, have 0).
    30 | D:1      | 30 ||| SHOPLISTING +2 ring of evasion (60 gold, have 0).
    30 | D:1      | 30 ||| SHOPLISTING +3 ring of dexterity (100 gold, have 0).
    30 | D:1      | 30 ||| SHOPLISTING +6 ring of evasion (450 gold, have 0).
    30 | D:1      | 30 ||| SHOPLISTING +9 ring of slaying (2257 gold, have 0).
    30 | D:1      | 30 ||| SHOPLISTING ring of Haceck {Fly rElec Will- Int+3
                  | Dex+3} (399 gold, have 0).
    30 | D:1      | 30 ||| SHOPLISTING ring of Xom's Capriciousness {*Corrode
                  | rC+ rN+ Int+3 Dex+3} (410 gold, have 0).
   229 | D:1      | Reached XP level 2. HP: 17/17 MP: 2/2
   818 | D:1      | 818 ||| UPGRADING to +0 pair of boots.
   823 | D:1      | 823 ||| READING scroll labelled NEAMOTIMO.
   824 | D:1      | 824 ||| READING scroll labelled UNGAFRAITU.
   825 | D:1      | 825 ||| READING scroll labelled YDIUNN SICI.
   826 | D:1      | 826 ||| READING scroll labelled VISKA DUKKUA.
   827 | D:1      | 827 ||| DROPPING scroll of butterflies.
   863 | D:2      | Reached XP level 3. HP: 11/21 MP: 3/3
   866 | D:2      | HP: 5/21 [frozen (5)]
   869 | D:2      | 869 ||| FLEEEEING.
   876 | D:2      | 876 ||| FLEEEEING.
   878 | D:2      | Reached skill level 5 in Ranged Weapons
   893 | D:2      | 893 ||| FLEEEEING.
   900 | D:2      | 900 ||| FLEEEEING.
   901 | D:2      | 901 ||| FLEEEEING.
   902 | D:2      | 902 ||| FLEEEEING.
   903 | D:2      | 903 ||| FLEEEEING.
   904 | D:2      | 904 ||| FLEEEEING.
   905 | D:2      | 905 ||| FLEEEEING.
   906 | D:2      | 906 ||| FLEEEEING.
   907 | D:2      | 907 ||| STAIRDANCE
  1173 | D:2      | Reached skill level 3 in Fighting
  1173 | D:2      | Reached XP level 4. HP: 28/28 MP: 4/4
  1393 | D:2      | 1393 ||| UPGRADING to +0 ring mail.
  1403 | D:2      | 1403 ||| DROPPING +0 leather armour.
  1404 | D:2      | 1404 ||| READING scroll labelled GAUXUM ODOH.
  1425 | D:2      | 1425 ||| READING scroll labelled MIQ UGYCUI.
  1426 | D:2      | 1426 ||| READING scroll labelled DYRUBBAIMOP.
  1426 | D:2      | 1426 ||| IDENTIFYING clear potion
  1457 | D:3      | 1457 ||| STAIRDANCE
  1484 | D:3      | Reached skill level 1 in Armour
  1576 | D:3      | Found a faded altar of an unknown god.
  1653 | D:3      | Noticed Natasha
  1667 | D:3      | HP: 4/28 [Natasha (8)]
  1669 | D:3      | Killed Natasha
  1670 | D:3      | Reached XP level 5. HP: 6/32 MP: 5/5
  1670 | D:3      | 1670 ||| FLEEEEING.
  1912 | D:3      | Noticed Natasha
  1916 | D:3      | Killed Natasha
  2031 | D:3      | Killed from afar by an orc priest

Levels and vault maps discovered:
D:1:      minmay_arrival_shattered_statue, layout_loops_ring,
          nicolae_shop_unique_rings, roderic_lattice_a, roderic_roman_lattice,
          roderic_st_hans_cross
D:2:      layout_rooms, minmay_fountain_box, serial_bayou_crossing
D:3:      minmay_wonky_spiral, layout_rooms, hellmonk_ecumenical_altar_run_dry,
          nicolae_titane, uniq_natasha

Skill      XL: |  1  2  3  4 |
---------------+-------------+-----
Ranged Weapons | 5 |  5.9
Fighting       | 3 |  3.2
Armour         | 1 |  1.3
Dodging        | |  1.5
Stealth        | |  1.1

Action                     |  1- 3 |  4- 6 || total
---------------------------+-------+-------++-------
   Fire: Shortbow          |   107 |    91 ||   198
    Use: Scroll            |     4 |     3 ||     7
 Armour: Leather armour    |    25 |     5 ||    30
         Ring mail         |       |    48 ||    48
  Dodge: Dodged            |    33 |    55 ||    88

Table legend:
 A = Non-vault XP
 B = Vault XP
 C = Vault XP percentage of total XP
 D = Non-vault monster count
 E = Vault monster count
 F = Vault count percentage of total count
                 A         B        C        D         E       F
            +---------+---------+-------+---------+---------+-------
      Total |     191 |      37 |  16.2 |      56 |       1 |   1.8
            +---------+---------+-------+---------+---------+-------
        D:1 |      24 |       0 |   0.0 |      15 |       0 |   0.0
        D:2 |      80 |       0 |   0.0 |      25 |       0 |   0.0
        D:3 |      87 |      37 |  29.8 |      16 |       1 |   5.9
            +---------+---------+-------+---------+---------+-------
